TOP OF THE 1ST |
Pensacola Pilots batting - Pitching for State College Spikes : RHP Eric Murphy
|
Pitching: RHP Eric Murphy
|
|
Batting: RHB Tony Pulla
|
0-0: Called Strike 0-1: Swinging Strike 0-2: Strikes out looking
|
Batting: LHB Ángel Flores
|
0-0: Ground out 5-3 (Groundball, 56)
|
Batting: RHB Albert Morán
|
0-0: Ball 1-0: Ball 2-0: Ball 3-0: Called Strike 3-1: TRIPLE (Flyball, 9D)
|
Batting: LHB Preston Hamilton
|
0-0: Ground out U3 (Groundball, 3L)
|
Top of the 1st over - 0 runs, 1 hit, 0 errors, 1 left on base; Pensacola 0 - State College 0 |
BOTTOM OF THE 1ST |
State College Spikes batting - Pitching for Pensacola Pilots : RHP Robin Richmond
|
Pitching: RHP Robin Richmond
|
|
Batting: RHB Andrew Pinto
|
0-0: Fly out, F7 (Line Drive, 7D)
|
Batting: RHB Jorge Molina
|
0-0: Called Strike 0-1: SINGLE (Line Drive, 9S)
|
Batting: LHB Javier Morales
|
0-0: Foul Ball, location: 2F 0-1: Ball 1-1: Ball 2-1: Foul Ball, location: 2F 2-2: Foul Ball, location: 2F 2-2: Strikes out swinging
|
Batting: LHB Wilson Turner
|
0-0: Ball 1-0: Called Strike Jorge Molina steals 2nd base 1-1: DOUBLE (Line Drive, 9LS) Jorge Molina scores
|
Batting: RHB Héctor Villarreal
|
0-0: Called Strike 0-1: Ball 1-1: Called Strike 1-2: Ball 2-2: Foul Ball, location: 2F 2-2: Ball 3-2: Fly out, F8 (Flyball, 8RD)
|
Bottom of the 1st over - 1 run, 2 hits, 0 errors, 1 left on base; Pensacola 0 - State College 1 |
TOP OF THE 2ND |
Pensacola Pilots batting - Pitching for State College Spikes : RHP Eric Murphy
|
Batting: RHB George Martin
|
0-0: Ball 1-0: Ball 2-0: Ball 3-0: Called Strike 3-1: Base on Balls
|
Batting: RHB José Ramos
|
0-0: Called Strike 0-1: Foul Ball, location: 2F 0-2: Strikes out looking
|
Batting: SHB Carlos González
|
0-0: Fly out, F8 (Flyball, 8RD)
|
Batting: RHB Javier Senteno
|
0-0: Called Strike 0-1: SINGLE (Line Drive, 56) George Martin to second
|
Batting: RHB Octávio Aldeguer
|
0-0: Foul Ball, location: 2F 0-1: Foul Ball, location: 2F 0-2: Strikes out swinging
|
Top of the 2nd over - 0 runs, 1 hit, 0 errors, 2 left on base; Pensacola 0 - State College 1 |
BOTTOM OF THE 2ND |
State College Spikes batting - Pitching for Pensacola Pilots : RHP Robin Richmond
|
Batting: RHB António Trevino
|
0-0: Called Strike 0-1: Foul Ball, location: 2F 0-2: Ball 1-2: Ball 2-2: Ball 3-2: Strikes out swinging
|
Batting: RHB Gustavo Martínez
|
0-0: Ground out 2-3 (Groundball, 15S)
|
Batting: LHB William Mitchell
|
0-0: SINGLE (Flyball, 89M)
|
Batting: RHB Kululu Kijana
|
0-0: Ball William Mitchell is caught stealing 2nd base
|
Bottom of the 2nd over - 0 runs, 1 hit, 0 errors, 0 left on base; Pensacola 0 - State College 1 |
TOP OF THE 3RD |
Pensacola Pilots batting - Pitching for State College Spikes : RHP Eric Murphy
|
Batting: RHB Tony Pulla
|
0-0: Ball 1-0: Ball 2-0: Ball 3-0: Swinging Strike 3-1: Swinging Strike 3-2: Base on Balls
|
Batting: LHB Ángel Flores
|
0-0: Called Strike 0-1: Ball 1-1: Ball 2-1: Ball 3-1: Foul Ball, location: 2F 3-2: Base on Balls Tony Pulla to second
|
Batting: RHB Albert Morán
|
0-0: Ball 1-0: Swinging Strike 1-1: Ball 2-1: Called Strike 2-2: Ball 3-2: Foul Ball, location: 2F 3-2: Foul Ball, location: 2F 3-2: Fly out, F8 (Flyball, 8RS)
|
Batting: LHB Preston Hamilton
|
0-0: Ball 1-0: Called Strike 1-1: Called Strike 1-2: Strikes out swinging
|
Batting: RHB George Martin
|
0-0: Foul Ball, location: 2F 0-1: Ball 1-1: Called Strike 1-2: Ground out 1-3 (Groundball, P)
|
Top of the 3rd over - 0 runs, 0 hits, 0 errors, 2 left on base; Pensacola 0 - State College 1 |
BOTTOM OF THE 3RD |
State College Spikes batting - Pitching for Pensacola Pilots : RHP Robin Richmond
|
Batting: RHB Kululu Kijana
|
0-0: Ball 1-0: Ball 2-0: Called Strike 2-1: Swinging Strike 2-2: Ball 3-2: Foul Ball, location: 2F 3-2: Foul Ball, location: 2F 3-2: Ground out 4-3 (Groundball, 4S)
|
Batting: RHB Andrew Pinto
|
0-0: Ball 1-0: Ball 2-0: Called Strike 2-1: Ball 3-1: Ground out 5-3 (Groundball, 5S)
|
Batting: RHB Jorge Molina
|
0-0: Foul Ball, location: 2F 0-1: Ball 1-1: Ball 2-1: Called Strike 2-2: Ball 3-2: Foul Ball, location: 2F 3-2: Fly out, F9 (Flyball, 9S)
|
Bottom of the 3rd over - 0 runs, 0 hits, 0 errors, 0 left on base; Pensacola 0 - State College 1 |
TOP OF THE 4TH |
Pensacola Pilots batting - Pitching for State College Spikes : RHP Eric Murphy
|
Batting: RHB José Ramos
|
0-0: Foul Ball, location: 2F 0-1: Ball 1-1: Fly out, F4 (Popup, 4S)
|
Batting: SHB Carlos González
|
0-0: Called Strike 0-1: Ground out 5-3 (Groundball, 56S)
|
Batting: RHB Javier Senteno
|
0-0: Fly out, F9 (Flyball, 9D)
|
Top of the 4th over - 0 runs, 0 hits, 0 errors, 0 left on base; Pensacola 0 - State College 1 |
BOTTOM OF THE 4TH |
State College Spikes batting - Pitching for Pensacola Pilots : RHP Robin Richmond
|
Batting: LHB Javier Morales
|
0-0: Ball 1-0: Fly out, F9 (Flyball, 9)
|
Batting: LHB Wilson Turner
|
0-0: Fly out, F3 (Line Drive, 3)
|
Batting: RHB Héctor Villarreal
|
0-0: Ball 1-0: Foul Ball, location: 2F 1-1: SINGLE (Groundball, 6MD)
|
Batting: RHB António Trevino
|
0-0: Ground out 4-3 (Groundball, 34)
|
Bottom of the 4th over - 0 runs, 1 hit, 0 errors, 1 left on base; Pensacola 0 - State College 1 |
TOP OF THE 5TH |
Pensacola Pilots batting - Pitching for State College Spikes : RHP Eric Murphy
|
Batting: RHB Octávio Aldeguer
|
0-0: Ball 1-0: SINGLE (Groundball, 56D)
|
Batting: RHB Tony Pulla
|
0-0: Grounds into double play, 6-4-3 (Groundball, 6)
|
Batting: LHB Ángel Flores
|
0-0: Ball 1-0: Ball 2-0: Swinging Strike 2-1: Foul Ball, location: 2F 2-2: Fly out, F6 (Line Drive, 6)
|
Top of the 5th over - 0 runs, 1 hit, 0 errors, 0 left on base; Pensacola 0 - State College 1 |
BOTTOM OF THE 5TH |
State College Spikes batting - Pitching for Pensacola Pilots : RHP Robin Richmond
|
Batting: RHB Gustavo Martínez
|
0-0: Called Strike 0-1: DOUBLE (Line Drive, 8RD)
|
Batting: LHB William Mitchell
|
0-0: Ball 1-0: DOUBLE (Line Drive, 7LM) Gustavo Martínez scores
|
Batting: RHB Kululu Kijana
|
0-0: Ball 1-0: Ground out 5-3 (Groundball, 5S) William Mitchell to third
|
Batting: RHB Andrew Pinto
|
0-0: Ball 1-0: Ball 2-0: Hit by Pitch
|
Batting: RHB Jorge Molina
|
0-0: Ball Andrew Pinto steals 2nd base 1-0: Called Strike 1-1: Ball 2-1: Called Strike 2-2: Ball 3-2: Foul Ball, location: 2F 3-2: Base on Balls
|
Batting: LHB Javier Morales
|
0-0: Called Strike 0-1: SINGLE (Groundball, 34S) (infield hit) William Mitchell scores Andrew Pinto to third Jorge Molina to second
|
Batting: LHB Wilson Turner
|
0-0: Ball 1-0: Swinging Strike 1-1: Called Strike 1-2: Strikes out swinging
|
Batting: RHB Héctor Villarreal
|
0-0: Fielders Choice at 2nd, 6-4 (Groundball, 6)
|
Bottom of the 5th over - 2 runs, 3 hits, 0 errors, 3 left on base; Pensacola 0 - State College 3 |
TOP OF THE 6TH |
Pensacola Pilots batting - Pitching for State College Spikes : RHP Eric Murphy
|
Batting: RHB Albert Morán
|
0-0: Ball 1-0: Ball 2-0: Ball 3-0: Base on Balls
|
Batting: LHB Preston Hamilton
|
0-0: Ground out U3 (Groundball, 34) Albert Morán to second
|
Batting: RHB George Martin
|
0-0: Called Strike 0-1: Ball 1-1: Ball 2-1: Ball 3-1: Ground out 4-3 (Groundball, 34D) Albert Morán to third
|
Batting: RHB José Ramos
|
0-0: Ball 1-0: Ball 2-0: Called Strike 2-1: DOUBLE (Line Drive, 9D) Albert Morán scores
|
Batting: SHB Carlos González
|
0-0: Ball 1-0: Ball 2-0: Called Strike 2-1: Called Strike 2-2: Foul Ball, location: 2F 2-2: Foul Ball, location: 2F 2-2: Foul Ball, location: 2F 2-2: Ball 3-2: Foul Ball, location: 2F 3-2: Foul Ball, location: 2F 3-2: Foul Ball, location: 2F 3-2: Strikes out looking
|
Top of the 6th over - 1 run, 1 hit, 0 errors, 1 left on base; Pensacola 1 - State College 3 |
BOTTOM OF THE 6TH |
State College Spikes batting - Pitching for Pensacola Pilots : RHP Robin Richmond
|
Batting: RHB António Trevino
|
0-0: Hit by Pitch
|
Batting: RHB Gustavo Martínez
|
0-0: Ball 1-0: Swinging Strike 1-1: Swinging Strike 1-2: Ball 2-2: Strikes out swinging
|
Batting: LHB William Mitchell
|
0-0: Called Strike 0-1: Ball 1-1: Ball 2-1: Called Strike 2-2: Foul Ball, location: 2F 2-2: Fielders Choice at 2nd, 4-6 (Groundball, 4)
|
Batting: RHB Kululu Kijana
|
0-0: Ball William Mitchell is caught stealing 2nd base
|
Bottom of the 6th over - 0 runs, 0 hits, 0 errors, 0 left on base; Pensacola 1 - State College 3 |
TOP OF THE 7TH |
Pensacola Pilots batting - Pitching for State College Spikes : RHP Eric Murphy
|
Pitching: RHP Albert Scott
|
|
Batting: RHB Javier Senteno
|
0-0: Ball 1-0: Foul Ball, location: 2F 1-1: Ball 2-1: Ball 3-1: Base on Balls
|
Batting: RHB Octávio Aldeguer
|
0-0: Ball 1-0: Ball 2-0: 2-RUN HOME RUN (Flyball, 7LD), Distance : 308 ft
|
Pitching: LHP Dan Brown
|
|
Batting: RHB Tony Pulla
|
0-0: Ball 1-0: Foul Ball, location: 2F 1-1: Foul Ball, location: 2F 1-2: Fly out, F8 (Line Drive, 8LM)
|
Batting: LHB Ángel Flores
|
0-0: Swinging Strike 0-1: Ball 1-1: Ball 2-1: Ground out 5-3 (Groundball, 5)
|
Batting: RHB Albert Morán
|
0-0: Ball 1-0: Ball 2-0: Ball 3-0: Base on Balls
|
Batting: LHB Preston Hamilton
|
0-0: Called Strike 0-1: SINGLE (Flyball, 3D) Albert Morán to second Runner from 2nd tries for 3rd, SAFE, no throw
|
Batting: RHB George Martin
|
0-0: Foul Ball, location: 2F 0-1: Ball 1-1: Called Strike 1-2: Strikes out swinging, 2-3 out at first.
|
Top of the 7th over - 2 runs, 2 hits, 0 errors, 2 left on base; Pensacola 3 - State College 3 |
BOTTOM OF THE 7TH |
State College Spikes batting - Pitching for Pensacola Pilots : RHP Robin Richmond
|
Batting: RHB Kululu Kijana
|
0-0: Ball 1-0: Foul Ball, location: 2F 1-1: Foul Ball, location: 2F 1-2: Foul Ball, location: 2F 1-2: Foul Ball, location: 2F 1-2: Strikes out looking
|
Batting: RHB Andrew Pinto
|
0-0: Foul Ball, location: 2F 0-1: Ground out 4-3 (Groundball, 4)
|
Batting: RHB Jorge Molina
|
0-0: Fly out, F9 (Flyball, 89S)
|
Bottom of the 7th over - 0 runs, 0 hits, 0 errors, 0 left on base; Pensacola 3 - State College 3 |
TOP OF THE 8TH |
Pensacola Pilots batting - Pitching for State College Spikes : LHP Dan Brown
|
Batting: RHB José Ramos
|
0-0: Called Strike 0-1: Called Strike 0-2: Strikes out swinging
|
Batting: SHB Carlos González
|
0-0: Ball 1-0: Ball 2-0: Fly out, F8 (Flyball, 8LS)
|
Batting: RHB Javier Senteno
|
0-0: Fly out, F9 (Flyball, 9)
|
Top of the 8th over - 0 runs, 0 hits, 0 errors, 0 left on base; Pensacola 3 - State College 3 |
BOTTOM OF THE 8TH |
State College Spikes batting - Pitching for Pensacola Pilots : RHP Robin Richmond
|
Pitching: RHP Ramón Flores
|
|
Batting: LHB Javier Morales
|
0-0: Fly out, F2 (Popup, 25F)
|
Batting: LHB Wilson Turner
|
0-0: Called Strike 0-1: Ball 1-1: Ball 2-1: Ball 3-1: Called Strike 3-2: Strikes out swinging
|
Pinch Hitting: LHB Mark Watson
|
0-0: Ball 1-0: Swinging Strike 1-1: Ball 2-1: Ground out 6-3 (Groundball, 6)
|
Bottom of the 8th over - 0 runs, 0 hits, 0 errors, 0 left on base; Pensacola 3 - State College 3 |
TOP OF THE 9TH |
Pensacola Pilots batting - Pitching for State College Spikes : LHP Dan Brown
|
Now in RF: Mark Watson
|
|
Batting: RHB Octávio Aldeguer
|
0-0: Called Strike 0-1: Ball 1-1: Foul Ball, location: 2F 1-2: Ball 2-2: Fly out, F4 (Popup, 34)
|
Batting: RHB Tony Pulla
|
0-0: Swinging Strike 0-1: Foul Ball, location: 2F 0-2: Ball 1-2: Fly out, F7 (Flyball, 7D)
|
Batting: LHB Ángel Flores
|
0-0: Called Strike 0-1: Ball 1-1: Ball 2-1: Fly out, F8 (Flyball, 8LS)
|
Top of the 9th over - 0 runs, 0 hits, 0 errors, 0 left on base; Pensacola 3 - State College 3 |
BOTTOM OF THE 9TH |
State College Spikes batting - Pitching for Pensacola Pilots : RHP Ramón Flores
|
Pitching: RHP Scott Willerton
|
|
Batting: RHB António Trevino
|
0-0: Ball 1-0: Ball 2-0: Called Strike 2-1: Hit by Pitch
|
Pinch Runner at 1st José Maldonado:
|
|
Batting: RHB Gustavo Martínez
|
0-0: Ball José Maldonado steals 2nd base 1-0: Intentional Walk
|
Pinch Hitting: RHB Mike Hurt
|
0-0: Grounds into double play, 5-4-3 (Groundball, 5) José Maldonado to third
|
Batting: RHB Kululu Kijana
|
0-0: Called Strike 0-1: Ball 1-1: Foul Ball, location: 2F 1-2: Strikes out looking
|
Bottom of the 9th over - 0 runs, 0 hits, 0 errors, 1 left on base; Pensacola 3 - State College 3 |
TOP OF THE 10TH |
Pensacola Pilots batting - Pitching for State College Spikes : LHP Dan Brown
|
Now at SS: José Maldonado
|
|
Now in RF: Sergio Serrano
|
|
Batting: RHB Albert Morán
|
0-0: Called Strike 0-1: Ball 1-1: Called Strike 1-2: Strikes out swinging
|
Batting: LHB Preston Hamilton
|
0-0: DOUBLE (Line Drive, 8RXD)
|
Batting: RHB George Martin
|
0-0: Called Strike 0-1: Called Strike 0-2: Ball 1-2: Foul Ball, location: 2F 1-2: Foul Ball, location: 2F 1-2: Foul Ball, location: 2F 1-2: Ball 2-2: Foul Ball, location: 2F 2-2: Strikes out swinging
|
Batting: RHB José Ramos
|
0-0: Ground out 6-3 (Groundball, 6MS)
|
Top of the 10th over - 0 runs, 1 hit, 0 errors, 1 left on base; Pensacola 3 - State College 3 |
BOTTOM OF THE 10TH |
State College Spikes batting - Pitching for Pensacola Pilots : RHP Scott Willerton
|
Batting: RHB Andrew Pinto
|
0-0: Swinging Strike 0-1: Swinging Strike 0-2: Ball 1-2: Strikes out swinging
|
Batting: RHB Jorge Molina
|
0-0: Swinging Strike 0-1: Swinging Strike 0-2: Strikes out swinging
|
Batting: LHB Javier Morales
|
0-0: Ball 1-0: Ground out 4-3 (Groundball, 4)
|
Bottom of the 10th over - 0 runs, 0 hits, 0 errors, 0 left on base; Pensacola 3 - State College 3 |
TOP OF THE 11TH |
Pensacola Pilots batting - Pitching for State College Spikes : LHP Dan Brown
|
Batting: SHB Carlos González
|
0-0: Called Strike 0-1: Swinging Strike 0-2: Ball 1-2: Foul Ball, location: 2F 1-2: Strikes out swinging
|
Batting: RHB Javier Senteno
|
0-0: Foul Ball, location: 2F 0-1: Called Strike 0-2: SINGLE (Groundball, 6D)
|
Batting: RHB Octávio Aldeguer
|
0-0: Ball Javier Senteno is caught stealing 2nd base 1-0: Ball 2-0: Called Strike 2-1: Foul Ball, location: 2F 2-2: Ground out 5-3 (Groundball, 56)
|
Top of the 11th over - 0 runs, 1 hit, 0 errors, 0 left on base; Pensacola 3 - State College 3 |
BOTTOM OF THE 11TH |
State College Spikes batting - Pitching for Pensacola Pilots : RHP Scott Willerton
|
Pitching: LHP Ed Miller
|
|
Batting: LHB Wilson Turner
|
0-0: Ball 1-0: Fly out, F3 (Line Drive, 34)
|
Pinch Hitting: RHB Norberto Márquez
|
0-0: Ball 1-0: Called Strike 1-1: Ball 2-1: Foul Ball, location: 2F 2-2: Ball 3-2: Fly out, F9 (Flyball, 89M)
|
Batting: RHB José Maldonado
|
0-0: Called Strike 0-1: Ground out 4-3 (Groundball, 4D)
|
Bottom of the 11th over - 0 runs, 0 hits, 0 errors, 0 left on base; Pensacola 3 - State College 3 |
TOP OF THE 12TH |
Pensacola Pilots batting - Pitching for State College Spikes : LHP Dan Brown
|
Pitching: RHP Drake Johnston
|
|
Now in LF: Victor Gilbert
|
|
Batting: RHB Tony Pulla
|
0-0: DOUBLE (Line Drive, 9LS)
|
Batting: LHB Ángel Flores
|
0-0: Fly out, F6 (Line Drive, 6M) Lined into DP, U6 (Line Drive, 6M)
|
Batting: RHB Albert Morán
|
0-0: Swinging Strike 0-1: Ball 1-1: DOUBLE (Line Drive, 8LXD)
|
Batting: LHB Preston Hamilton
|
0-0: Called Strike 0-1: Fly out, F5 (Popup, 5SF)
|
Top of the 12th over - 0 runs, 2 hits, 0 errors, 1 left on base; Pensacola 3 - State College 3 |
BOTTOM OF THE 12TH |
State College Spikes batting - Pitching for Pensacola Pilots : LHP Ed Miller
|
Batting: RHB Gustavo Martínez
|
0-0: Called Strike 0-1: Ball 1-1: Foul Ball, location: 2F 1-2: Ball 2-2: DOUBLE (Line Drive, 7D)
|
Batting: RHB Sergio Serrano
|
0-0: Intentional Walk
|
Batting: RHB Kululu Kijana
|
0-0: Ball 1-0: Foul Ball, location: 2F 1-1: Foul Ball, location: 2F 1-2: SINGLE (Line Drive, 4) Gustavo Martínez to third Sergio Serrano to second Runner from 3rd tries for Home, SAFE, no throw
|
Saturday, April 7th, 2018 - OOTP Baseball 18.8 Build 76
|
|